 Dungeon Crawl Stone Soup version 0.27-a0-1544-ge3ff634 (webtiles) character file.

Game seed: 16751035188706848497

2 Illumine the Shield-Bearer (level 1, 0/20 HPs)
             Began as a Minotaur Fighter on July 12, 2021.
             Slain by a quokka (1 damage)
             ... on level 1 of the Dungeon.
             The game lasted 00:00:17 (40 turns).

Illumine the Shield-Bearer (Minotaur Fighter)         Turns: 40, Time: 00:00:18

Health: 0/20       AC:  6    Str: 20    XL:     1   Next: 33%
Magic:  0/0        EV:  7    Int:  5    God:
Gold:   0          SH:  9    Dex:  9    Spells: 0/0 levels left

rFire    . . .     SeeInvis .   a - +0 long sword
rCold    . . .     Faith    .   c - +0 kite shield
rNeg     . . .     Spirit   .   b - +0 scale mail
rPois    .         Reflect  .   (helmet restricted)
rElec    .         Harm     .   (no cloak)
rCorr    .         Rampage  .   (no gloves)
Will     .....                  (no boots)
Stlth    ..........             (no amulet)
HPRegen  0.06/turn              (no ring)
MPRegen  0.07/turn              (no ring)

@: no status effects
A: horns 2, retaliatory headbutt
a: no special abilities


You were on level 1 of the Dungeon.
You visited 1 branch of the dungeon, and saw 1 of its levels.

Inventory:

Hand Weapons
 a - a +0 long sword (weapon)
Armour
 b - a +0 scale mail (worn)
 c - a +0 kite shield (worn)
Potions
 d - a potion of might


   Skills:
 + Level 3.6 Fighting
 * Level 2.5 Long Blades
 + Level 3.6 Armour
 + Level 3.6 Shields


You couldn't memorise any spells.
You didn't know any spells.
Your spell library was empty.

Dungeon Overview and Level Annotations

Branches:
Dungeon (1/15)

Altars:


Innate Abilities, Weirdness & Mutations

You have a pair of horns on your head.
You reflexively headbutt those who attack you in melee.


Message History

The quokka bites you but does no damage.
The quokka bites you. The endoplasm freezes you.
You are frozen.
You are too injured to fight recklessly!
The quokka bites you.
* * * LOW HITPOINT WARNING * * *
Things that are here:
a +0 short sword; a kobold corpse You are too injured to fight recklessly!
The quokka bites you but does no damage.
The endoplasm hits you but does no damage.
You are too injured to fight recklessly!
You hit the endoplasm but do no damage. Your headbutt misses the endoplasm.
You block the quokka's attack. The endoplasm freezes you.
You are frozen.
* * * LOW HITPOINT WARNING * * *
You block the quokka's attack.
The endoplasm hits you but does no damage.
Unknown command.
The quokka bites you but does no damage.
The quokka bites you but does no damage.
The quokka bites you but does no damage.
Found 6 silver javelins.
The quokka bites you but does no damage.
The quokka bites you.
* * * LOW HITPOINT WARNING * * *
You closely miss the quokka. You block the quokka's attack.
You hit the quokka but do no damage. The quokka barely misses you.
You riposte.
You hit the quokka but do no damage. You headbutt the quokka.
The quokka is almost dead.
The quokka bites you but does no damage.
The quokka bites you but does no damage.
You see here 6 silver javelins.
You closely miss the quokka.
The quokka is almost dead.
The quokka bites you but does no damage.
The quokka bites you.
You die...

#..............#
#..............#
##......?.......#
#...............#
†.#############.#
#.# #.## ..# #.J#
.## ##r# . #@# .
#..# . ##+# .


You could see an endoplasm and a quokka.

Vanquished Creatures
  A bat (D:1)
  A kobold (D:1)
2 creatures vanquished.

Notes
Turn   | Place    | Note
-------+----------+-------------------------------------------
     0 | D:1      | Illumine the Minotaur Fighter began the quest for the Orb.
     0 | D:1      | Reached XP level 1. HP: 19/19 MP: 0/0
    34 | D:1      | HP: 1/20 [quokka (2)]
    40 | D:1      | Slain by a quokka

Illustrated notes

Levels and vault maps discovered:
D:1:      evilmike_arrival_plus, layout_basic, serial_shops,
          nicolae_shop_statue_plus, minmay_shallow_snake_nest

Action                   || total
-------------------------++-------
Melee: Long sword        ||     8
       Headbutt          ||     1
Armor: Scale mail        ||    12
Dodge: Dodged            ||     4
Block: Kite shield       ||     6
       Rpst.: Long sword ||     1

Table legend: (Time is in decaauts)
 A = Elapsed time spent in this place.
 B = Non-inter-level travel time spent in this place.
 C = Inter-level travel time spent in this place.
 D = Time resting spent in this place.
 E = Time spent auto-exploring this place.
 F = Levels seen in this place.
 G = Mean time per level.
                   A        B        C        D        E       F      G
               +--------+--------+--------+--------+--------+-----+--------+
         Total |     43 |     43 |      0 |      0 |      7 |   1 |   43.0 |
       Dungeon |     43 |     43 |      0 |      0 |      7 |   1 |   43.0 |
               +--------+--------+--------+--------+--------+-----+--------+

Top non-repeatable levels by time:
     D:1: 43 daAuts
